 Dungeon Crawl Stone Soup version 0.29-a0-82-g837932c90e (webtiles) character file.

Game seed: 15801489698369278495

177 lordive the Grasshopper (level 5, -2/45 HPs)
             Began as a Draconian Warper on Feb 4, 2022.
             Killed by nerve-wracking pain
             ... invoked by an orc priest
              (6 damage)
             ... on level 4 of the Dungeon.
             The game lasted 00:03:03 (3502 turns).

lordive the Grasshopper (Draconian Warper)          Turns: 3502, Time: 00:03:04

Health: -2/45      AC:  6    Str: 13    XL:     5   Next: 30%
Magic:  8/8        EV: 12    Int: 16    God:
Gold:   117        SH:  0    Dex: 10    Spells: 8/8 levels left

rFire   . . .      SeeInvis .   a - +0 falchion
rCold   . . .      Faith    .   (no shield)
rNeg    . . .      Spirit   .   (armour unavailable)
rPois   .          Reflect  .   (helmet restricted)
rElec   .          Harm     .   (no cloak)
rCorr   .          Rampage  .   (no gloves)
Will    .....                   j - +0 pair of boots
Stlth   ++........              (no amulet)
HPRegen 0.15/turn               (no ring)
MPRegen 0.11/turn               (no ring)

@: no status effects
A: AC +5, unfitting armour, cold-blooded
a: no special abilities


You were on level 4 of the Dungeon.
You visited 1 branch of the dungeon, and saw 4 of its levels.

You collected 117 gold pieces.

Inventory:

Hand Weapons
 a - a +0 falchion (weapon)
 e - a +1 dagger of venom
Missiles
 c - 5 boomerangs of dispersal (quivered)
Armour
 j - a +0 pair of boots (worn)
Wands
 o - a wand of flame (27)
Scrolls
 b - a scroll of blinking
 d - a scroll of vulnerability {unknown}
 f - 2 scrolls of teleportation {unknown}
 g - a scroll of immolation {unknown}
 h - a scroll of holy word {unknown}
 n - a scroll of fog {unknown}
 p - a scroll of fear {unknown}
Potions
 i - a potion of heal wounds {unknown}
 k - a potion of ambrosia {unknown}
 l - a potion of degeneration {unknown}
 m - a potion of lignification {unknown}
 q - 2 potions of curing


   Skills:
 + Level 3.3 Fighting
 - Level 2.1 Long Blades
 - Level 0.8 Throwing
 + Level 3.0 Dodging
 + Level 1.7 Stealth
 + Level 2.1 Spellcasting
 * Level 4.3 Translocations


You had 8 spell levels left.
You didn't know any spells.
Your spell library contained the following spells:

 Spells                   Type           Power      Damage    Failure   Level
 Blink                    Tloc           30%        N/A       4%          2
 Gell's Gravitas          Tloc           15%        N/A       10%         3
 Lesser Beckoning         Tloc           15%        N/A       10%         3
 Teleport Other           Tloc           15%        N/A       10%         3
 Conjure Flame            Conj/Fire      1%         6-21      52%         3
 Ignite Poison            Fire/Tmut/Pois 1%         N/A       52%         3
 Manifold Assault         Tloc           15%        N/A       67%         5
 Sticky Flame             Conj/Fire      1%         2d3       90%         4


Dungeon Overview and Level Annotations

Branches:
Dungeon (4/15)
 Temple: D:4-7

Altars:
Hepliaklqana
Vehumet
Yredelemnul

Shops:
D:2 ?


Innate Abilities, Weirdness & Mutations

Your plain brown scales are hard. (AC +5)
You cannot fit into any form of body armour.
You are cold-blooded and may be slowed by cold attacks.


Message History

The orc hits you with a +0 hand axe.
You slash the orc!
You kill the orc!
You hit the orc wizard.
Your tail-slap misses the orc wizard.
The orc wizard is almost dead.
The orc wizard barely misses you.
You hit the orc wizard.
You kill the orc wizard!
Your Dodging skill increases to level 3!
You hit the orc.
The orc is lightly wounded.
The orc barely misses you.
You hit the orc.
The orc is heavily wounded.
The orc hits you but does no damage.
You closely miss the orc.
The orc is heavily wounded.
The orc hits you with a +0 flail!
You closely miss the orc.
Your tail-slap misses the orc.
The orc is heavily wounded.
The orc hits you with a +0 flail. x2
You barely miss the orc.
The orc is heavily wounded.
The orc barely misses you.
You barely miss the orc.
The orc is heavily wounded.
The orc hits you with a +0 flail.
You hit the orc.
You kill the orc!
You hit the orc priest. You tail-slap the orc priest.
The orc priest is heavily wounded.
The orc priest misses you.
The orc priest mumbles some strange prayers to Beogh against you.
Beogh smites you!
* * * LOW HITPOINT WARNING * * *
You closely miss the orc priest. You tail-slap the orc priest.
The orc priest is heavily wounded.
The orc priest invokes the aid of Beogh against you.
Pain shoots through your body!
You die...

## ..# #.# ######.#
# .......# .##
#.....## ...#
###.##...###...###
#.........@oo.....
.#.>..#...####.####
.........##
##..#.#.## ##+##
##..#...#####...##
..........##.....##
###._.....#......<##
#...........)......#
......⌠............+


You could see an orc priest and an orc.

Vanquished Creatures
  A scorpion (D:3)
  An orc wizard (D:4)
  3 adders
  2 worms (D:3)
  2 dart slugs
  3 orcs (D:4)
  3 endoplasms
  3 giant cockroaches
  2 goblins
  7 hobgoblins
  2 jackals (D:2)
  5 kobolds
  3 quokkas
  6 ball pythons
  6 bats
  3 frilled lizards
  4 rats
56 creatures vanquished.

Notes
Turn   | Place    | Note
-------+----------+-------------------------------------------
     0 | D:1      | lordive the Draconian Warper began the quest for the Orb.
     0 | D:1      | Reached XP level 1. HP: 17/17 MP: 3/3
   277 | D:1      | Found a faded altar of an unknown god.
   286 | D:1      | Reached XP level 2. HP: 20/24 MP: 5/5
  1419 | D:2      | Reached XP level 3. HP: 30/30 MP: 6/6
  1601 | D:2      | Found Kaolea's Magic Scroll Emporium.
  1766 | D:2      | Reached skill level 4 in Translocations
  2455 | D:3      | Noticed a scorpion
  2472 | D:3      | Killed a scorpion
  2473 | D:3      | Reached skill level 1 in Stealth
  2473 | D:3      | Reached XP level 4. HP: 13/38 MP: 7/7
  2758 | D:3      | Found a radiant altar of Vehumet.
  2914 | D:3      | Reached XP level 5. HP: 18/45 MP: 8/8
  3451 | D:4      | Found a basalt altar of Yredelemnul.
  3462 | D:4      | Found a hazy altar of Hepliaklqana.
  3502 | D:4      | Killed from afar by an orc priest

Illustrated notes

Levels and vault maps discovered:
D:1:      dpeg_arrival_snail, layout_basic, ebering_ecumenical_altar_mist,
          roderic_roman_lattice
D:2:      layout_loops_ring, serial_shops, nicolae_shop_advertising_works
          [nicolae_subvault_shop_adworks]
D:3:      layout_loops_ring, vehumet_altar_wand_db, serial_park_tiny_pond
D:4:      layout_loops_corners, grunt_temple_overflow_open,
          nicolae_overflow_squiral, nicolae_shop_overcharged_wands

Skill      XL: |  1  2  3  4  5 |
---------------+----------------+-----
Translocations | 4 |  4.3
Fighting       | 3 |  3.3
Stealth        | 1 |  1.7
Dodging        | 3 |  3.0
Long Blades    | |  2.1
Throwing       | |  0.8
Spellcasting   | |  2.1

Action                   |  1- 3 |  4- 6 || total
-------------------------+-------+-------++-------
Melee: Falchion          |   169 |    79 ||   248
       Tailslap          |     6 |    12 ||    18
       Punch             |     1 |     1 ||     2
  Use: Potion            |     1 |       ||     1
 Stab: Sleeping          |     4 |       ||     4
Armor: Skin              |    72 |    17 ||    89
Dodge: Dodged            |   118 |    51 ||   169

Table legend: (Time is in decaauts)
 A = Elapsed time spent in this place.
 B = Non-inter-level travel time spent in this place.
 C = Inter-level travel time spent in this place.
 D = Time resting spent in this place.
 E = Time spent auto-exploring this place.
 F = Levels seen in this place.
 G = Mean time per level.
                   A        B        C        D        E       F      G
               +--------+--------+--------+--------+--------+-----+--------+
         Total |   3555 |   3414 |    141 |      0 |   2892 |   4 |  888.8 |
       Dungeon |   3555 |   3414 |    141 |      0 |   2892 |   4 |  888.8 |
               +--------+--------+--------+--------+--------+-----+--------+

Top non-repeatable levels by time:
     D:3: 1196 daAuts
     D:1: 1194 daAuts
     D:2: 1106 daAuts
     D:4: 58 daAuts
